cohdb
Replays
Latest Replays
All Replays
Popular Replays
Top Player Replays
Match Explorer
How It Works
Community
CoH3 Stats
Reddit
Sign in to upload your games and track your stats! →
Sign in with Steam
Match 44870960
Unlisted
Match 44870960
Overview
Messages
Build Orders
End
Construct Infanterie Kompanie
Selects Luftwaffe Battlegroup
Selects Luftwaffe Pioneer Support
Fallschirmpioneer Squad Paradrop
MG 42 Machine Gun Team
MG 42 Machine Gun Team
Construct Luftwaffe Kompanie
Selects Stuka Strafing Run
Selects Fallschirmjäger Squad Paradrop
Stuka Strafing Run
Support Elements
Wirbelwind Flakpanzer
Jäger Squad
Stuka Strafing Run
Luftwaffe Officer Quarters
Construct Panzergrenadier Kompanie
Stuka Strafing Run
Fallschirmpioneer Squad Paradrop
Selects Stuka Loiter
Nebelwerfer 42 Rocket Launcher Team
Joraad
bilka404
Leprecon rus
Sailorblom
grzesiekskubiszewski
_AT416_
0
0
Comments
sign in to comment!
No comments posted yet!